 Dungeon Crawl Stone Soup version 0.28-a0-1286-g6bde065e89 (webtiles) character file.

Game seed: 574138294399504937

1697 funkygono the Arsonist (level 8, -2/58 HPs)
             Began as a Red Draconian Fire Elementalist on Dec 26, 2021.
             Was a Follower of Vehumet.
             Slain by a hornet (9 damage)
             ... on level 7 of the Dungeon.
             The game lasted 00:12:48 (8309 turns).

funkygono the Arsonist (DrFE)                       Turns: 8309, Time: 00:12:48

Health: -2/58      AC:  7    Str: 11    XL:     8   Next: 72%
Magic:  11/18      EV: 12    Int: 17    God:    Vehumet [*.....]
Gold:   337        SH:  0    Dex: 12    Spells: 6/21 levels left

rFire   + . .      SeeInvis .   n - +3 dagger (holy)
rCold   . . .      Faith    .   (no shield)
rNeg    + . .      Spirit   .   (armour unavailable)
rPois   .          Reflect  .   (helmet restricted)
rElec   .          Harm     .   (no cloak)
rCorr   .          Rampage  .   (no gloves)
Will    .....                   l - +0 pair of boots
Stlth   ++........              (no amulet)
HPRegen 0.19/turn               h - ring of positive energy
MPRegen 0.16/turn               (no ring)

@: slowed, very slow
A: breathe fire, AC +6, unfitting armour, fire resistance 1, cold-blooded
a: Breathe Fire, Renounce Religion


You were on level 7 of the Dungeon.
You worshipped Vehumet.
Vehumet was aware of your devotion.
You visited 2 branches of the dungeon, and saw 8 of its levels.

You collected 337 gold pieces.

Inventory:

Hand Weapons
 c - a +0 dagger
 e - a +3 whip
 n - a +3 dagger of holy wrath (weapon)
 t - a +0 dagger of draining
Missiles
 g - 143 stones
Armour
 l - a +0 pair of boots (worn)
 m - a +2 buckler
Jewellery
 h - a ring of positive energy (left hand)
 k - a ring of wizardry
 p - a ring of see invisible
Wands
 s - a wand of iceblast (8)
Potions
 a - a potion of invisibility {unknown}
 b - 2 potions of brilliance
 d - a potion of ambrosia {unknown}
 f - 2 potions of mutation {unknown}
 i - 2 potions of curing
 j - 3 potions of heal wounds
 o - 2 potions of haste {unknown}
 q - a potion of lignification {unknown}
 r - 2 potions of cancellation {unknown}
 u - a potion of might {unknown}
 v - a potion of degeneration {unknown}
 w - a potion of attraction {unknown}


   Skills:
 + Level 0.7 Fighting
 + Level 2.0 Dodging
 - Level 1.7 Stealth
 * Level 7.0 Spellcasting
 * Level 4.9 Conjurations
 * Level 8.8 Fire Magic


You had 6 spell levels left.
You knew the following spells:

 Your Spells              Type           Power      Damage    Failure   Level
a - Foxfire               Conj/Fire      100%       2x1d9     1%          1
b - Scorch                Fire           70%        2d8       1%          2
c - Conjure Flame         Conj/Fire      29%        6-21      1%          3
d - Flame Wave            Conj/Fire      29%        2d6       7%          4
e - Sticky Flame          Conj/Fire      29%        2d5       7%          4
j - Sandblast             Erth           10%        2d5       12%         1

Your spell library contained the following spells:

 Spells                   Type           Power      Damage    Failure   Level
 Magic Dart               Conj           88%        1d7       1%          1
 Inner Flame              Hex/Fire       20%        N/A       6%          3
 Ignite Poison            Fire/Tmut/Pois 15%        N/A       11%         3
 Mephitic Cloud           Conj/Pois/Air  11%        N/A       19%         3
 Ozocubu's Armour         Ice            5%         N/A       34%         3
 Freezing Cloud           Conj/Ice/Air   5%         6-21      86%         5
 Simulacrum               Ice/Necr       2%         N/A       100%        6
 Orb of Destruction       Conj           11%        9d5       100%        7
 Ozocubu's Refrigeration  Ice            2%         4d5       100%        7
 Ignition                 Fire           17%        3d7       100%        8
 Polar Vortex             Ice            2%         N/A       100%        9


Dungeon Overview and Level Annotations

Branches:
Dungeon (7/15)             Temple (1/1) D:5

Altars:
Ashenzari
Cheibriados
Dithmenos
Elyvilon
Fedhas
Gozag
Hepliaklqana
Kikubaaqudgha
Makhleb
Nemelex Xobeh
Okawaru
Qazlal
Ru
Sif Muna
Trog
Uskayaw
Vehumet
Wu Jian
Xom
Yredelemnul
Zin
The Shining One


Innate Abilities, Weirdness & Mutations

You can breathe blasts of fire.
Your fiery red scales are hard. (AC +6)
You cannot fit into any form of body armour.
Your flesh is heat resistant. (rF+)
You are cold-blooded and may be slowed by cold attacks.


Message History

Casting: Sandblast (safe; 12% risk of failure)
Confirm with . or Enter, or press ? or * to list all spells.
Aiming: Sticky Flame (dangerous; 7% risk of failure)
Press: ? - help, Shift-Dir - straight line, f/p - hornet
Aim: a hornet (lightly wounded, 100% to hit)
The sticky flame hits the hornet.
The hornet is moderately wounded.
The hornet is covered in liquid flames!
You feel yourself speed up.
You feel very sick.
The hornet burns! x2; The hornet stings you!
You are more poisoned.
You feel yourself slow down. The hornet stings you!
You feel as though you will be slow longer.
Casting: Sticky Flame (dangerous; 7% risk of failure)
Confirm with . or Enter, or press ? or * to list all spells.
Aiming: Sticky Flame (dangerous; 7% risk of failure)
Press: ? - help, Shift-Dir - straight line, f/p - hornet
Aim: a hornet (heavily wounded, covered in liquid flames, 100% to hit)
Okay, then.
You closely miss the hornet.
The hornet is heavily wounded.
You feel very sick.
The hornet burns!
The hornet misses you. The hornet stings you!
* * * LOW HITPOINT WARNING * * *
You feel as though you will be slow longer.
* * * LOW HITPOINT WARNING * * *
You feel very sick.
The hornet burns! x2; The hornet stops burning.
The hornet stings you.
* * * LOW HITPOINT WARNING * * *
You feel as though you will be slow longer.
You feel better. The hornet stings you.
* * * LOW HITPOINT WARNING * * *
You feel as though you will be slow longer.
The hornet stings you but does no damage.
Unknown command.
Casting: Sticky Flame (dangerous; 7% risk of failure)
Confirm with . or Enter, or press ? or * to list all spells.
The fire begins to smoulder!
The hornet stings you!
You die...

.# .#
######.#
#....#.#
#.##.#.#
#.#..#.#
#.#.##.#
#.#.@y.#
#.######
#......#
######.#
#....#.#
#.##.#.#
#.#..#.#
#.#.##.#
#.#....#


You could see a hornet.

Vanquished Creatures
  An orc warrior (D:6)
  A sky beast (D:6)
  2 black bears (D:5)
  A necrophage (D:6)
  2 ogres
  A centaur (D:5)
  A phantom (D:5)
  A bullfrog (D:6)
  A scorpion (D:5)
  A wyvern skeleton (D:5)
  A howler monkey (D:4)
  A hound (D:4)
  A centaur zombie (D:5)
  2 bullfrog skeletons (D:5)
  A gnoll shaman (D:5)
  3 orc priests (D:6)
  2 centaur skeletons (D:6)
  3 iguanas (D:5)
  3 orc wizards (D:6)
  A hound zombie (D:5)
  Robin (D:4)
  3 gnolls (D:5)
  7 adders
  A howler monkey skeleton (D:4)
  2 white imps (D:6)
  An ufetubus (D:6)
  A worm (D:4)
  4 dart slugs
  16 orcs
  3 bats
  7 endoplasms
  A giant cockroach (D:1)
  14 goblins
  6 hobgoblins
  2 jackals (D:2)
  3 quokkas
  6 ball pythons
  A frilled lizard (D:1)
  3 kobolds
  2 rats
114 creatures vanquished.

Vanquished Creatures (others)
  479 foxfires
  2 fungi (D:2)
  A plant (D:2)
482 creatures vanquished.

Grand Total: 596 creatures vanquished

Notes
Turn   | Place    | Note
-------+----------+-------------------------------------------
     0 | D:1      | funkygono the Draconian Fire Elementalist began the quest
                  | for the Orb.
     0 | D:1      | Reached XP level 1. HP: 14/14 MP: 3/3
   249 | D:1      | Reached XP level 2. HP: 11/20 MP: 0/5
   405 | D:1      | Learned a level 2 spell: Scorch
  1421 | D:2      | Found a faded altar of an unknown god.
  1472 | D:2      | Reached XP level 3. HP: 26/26 MP: 3/6
  1653 | D:2      | Reached skill level 4 in Fire Magic
  2430 | D:2      | Learned a level 3 spell: Conjure Flame
  2441 | D:3      | Reached XP level 4. HP: 33/33 MP: 4/8
  3755 | D:4      | Reached XP level 5. HP: 34/38 MP: 3/10
  4129 | D:4      | Found a shimmering altar of Xom.
  4626 | D:4      | Noticed Robin
  4632 | D:4      | Killed Robin
  4633 | D:4      | Reached skill level 5 in Fire Magic
  4909 | D:4      | Learned a level 4 spell: Flame Wave
  5056 | D:5      | Entered Level 5 of the Dungeon
  5072 | D:5      | Noticed a centaur
  5076 | D:5      | Killed a centaur
  5077 | D:5      | Reached XP level 6. HP: 15/45 MP: 5/12
  5536 | D:5      | Found a staircase to the Ecumenical Temple.
  5555 | D:5      | Your scales start taking on a fiery red colour.
  5555 | D:5      | Reached skill level 6 in Fire Magic
  5555 | D:5      | Reached XP level 7. HP: 32/50 MP: 4/14
  5555 | D:5      | Gained mutation: Your flesh is heat resistant. (rF+) [Red
                  | Draconian growth]
  5674 | Temple   | Entered the Ecumenical Temple
  5783 | Temple   | Became a worshipper of Vehumet
  6078 | D:5      | Reached skill level 5 in Spellcasting
  6078 | D:5      | Reached skill level 7 in Fire Magic
  6728 | D:5      | Reached XP level 8. HP: 58/58 MP: 9/16
  7196 | D:6      | Reached skill level 8 in Fire Magic
  7427 | D:6      | Reached * piety under Vehumet
  7427 | D:6      | Offered knowledge of Sandblast by Vehumet.
  7549 | D:6      | Got the Handbook of Ignition and Conjuration
  8214 | D:6      | Learned a level 4 spell: Sticky Flame
  8216 | D:6      | Learned a level 1 spell: Sandblast
  8303 | D:7      | Noticed a hornet
  8309 | D:7      | Slain by a hornet

Illustrated notes

Levels and vault maps discovered:
D:1:      matt_arrival_spirals, layout_loops_ring
D:2:      wad_pebble_path, layout_loops_cross, shapermc_ecumenical_altar_ellora,
          serial_glass, glass_columns_b, glass_columns_b
D:3:      layout_basic
D:4:      layout_basic, general_overflow_altar, uniq_robin
D:5:      layout_loops_corners, minmay_temple_entry_ruins
D:6:      layout_basic, serial_corexii_hall, chequers_hall_statues_y,
          chequers_hall_statues_corner_a, chequers_hall_statues_y,
          corexii_hall_statues_s, kennysheep_small_circle
D:7:      layout_basic, patterned_corridor
Temple:   mainiacjoe_temple_archimedes_tessellation

Skill      XL: |  1  2  3  4  5  6  7  8 |
---------------+-------------------------+-----
Fire Magic     | 4 5 6 7 8 |  8.8
Spellcasting   | 3 4 5 7 |  7.0
Conjurations   | 2 3 4 |  4.9
Dodging        | 2 |  2.0
Fighting       | |  0.7
Stealth        | |  1.7

Action                   |  1- 3 |  4- 6 |  7- 9 || total
-------------------------+-------+-------+-------++-------
Melee: Dagger            |     5 |     7 |     3 ||    15
 Cast: Foxfire           |    49 |    84 |   148 ||   281
       Scorch            |    10 |    15 |    10 ||    35
       Conjure Flame     |       |       |     1 ||     1
       Sticky Flame      |       |       |     1 ||     1
       Sandblast         |       |       |     1 ||     1
 Abil: Breathe Fire      |       |       |     1 ||     1
  Use: Scroll            |     1 |     9 |     3 ||    13
       Potion            |       |       |     1 ||     1
Armor: Skin              |    12 |     7 |    13 ||    32
Dodge: Dodged            |    19 |    19 |    22 ||    60

Table legend: (Time is in decaauts)
 A = Elapsed time spent in this place.
 B = Non-inter-level travel time spent in this place.
 C = Inter-level travel time spent in this place.
 D = Time resting spent in this place.
 E = Time spent auto-exploring this place.
 F = Levels seen in this place.
 G = Mean time per level.
                   A        B        C        D        E       F      G
               +--------+--------+--------+--------+--------+-----+--------+
         Total |   8308 |   8110 |    198 |    560 |   6532 |   8 | 1038.5 |
       Dungeon |   8067 |   7904 |    163 |    560 |   6350 |   7 | 1152.4 |
        Temple |    240 |    206 |     34 |      0 |    182 |   1 |  240.0 |
               +--------+--------+--------+--------+--------+-----+--------+

Top non-repeatable levels by time:
     D:4: 1771 daAuts
     D:5: 1727 daAuts
     D:1: 1317 daAuts
     D:6: 1195 daAuts
     D:2: 1118 daAuts
     D:3: 846 daAuts
  Temple: 240 daAuts
     D:7: 90 daAuts
